 Dungeon Crawl Stone Soup version 0.30.1-9-gdf580d7c3d (webtiles) character file.

Game seed: 14062074464384251572

2135 KittyFluff the Covered (level 9, -1/55 HPs)
             Began as a Gargoyle Berserker on Oct 19, 2023.
             Was a Priest of Trog.
             Killed from afar by a kobold brigand (8 damage)
             ... with a bolt of light
             ... on level 6 of the Dungeon.
             The game lasted 00:19:05 (5709 turns).

KittyFluff the Covered (Gargoyle Berserker)         Turns: 5709, Time: 00:19:05

Health: -1/55      AC: 11    Str: 26    XL:     9   Next: 30%
Magic:  9/9        EV: 13    Int:  7    God:    Trog [***...]
Gold:   196        SH:  0    Dex: 15    Spells: 8/8 levels left

rFire   . . .        a - +0 mace
rCold   . . .        (no shield)
rNeg    + . .        i - +0 leather armour
rPois   ∞            (no helmet)
rElec   +            p - +0 cloak
rCorr   .            (no gloves)
SInv    .            (no boots)
Will    .....        (no amulet)
Stlth   +            w - ring "Ylur" {Fly Dex+6}
HPRegen 0.29/turn    (no ring)
MPRegen 0.11/turn

%: no passive effects
@: flying
A: sickness immunity, AC +6, negative energy resistance 1, electricity
resistance, torment resistance 1, petrification resistance
a: Renounce Religion, Berserk, Trog's Hand


You were on level 6 of the Dungeon.
You worshipped Trog.
Trog was most pleased with you.
You visited 1 branch of the dungeon, and saw 6 of its levels.

You collected 196 gold pieces.

Inventory:

Hand Weapons
 a - a +0 mace (weapon)
 c - a +0 sling
 o - a +4 quarterstaff of chaos
 B - a +0 shortbow
Missiles
 r - 3 boomerangs (quivered)
 t - 8 poisoned darts
 z - 3 throwing nets
Armour
 i - a +0 leather armour (worn)
 p - a +0 cloak (worn)
Jewellery
 w - the ring "Ylur" (left hand) {Fly Dex+6}
   (You found it on level 5 of the Dungeon)

   [ring of dexterity]

   Dex:       It affects your dexterity (+6).
   Fly:       It grants you flight.
Wands
 k - a wand of flame (41)
 y - a wand of polymorph (10)
Scrolls
 b - 2 scrolls of vulnerability {unknown}
 d - a scroll of fog {unknown}
 e - 2 scrolls of identify
 f - 3 scrolls of poison {unknown}
 g - a scroll of blinking {unknown}
 h - 4 scrolls of amnesia {unknown}
 j - 5 scrolls of teleportation {unknown}
 n - a scroll of silence {unknown}
 s - a scroll of immolation {unknown}
 v - 3 scrolls of enchant weapon {unknown}
Potions
 l - a potion of magic
 m - 2 potions of cancellation
 q - 3 potions of curing
 u - 2 potions of might
 x - a potion of invisibility
 A - a potion of heal wounds {unknown}
 C - a potion of degeneration {unknown}


   Skills:
 + Level 6.2 Fighting
 * Level 7.6 Maces & Flails
 * Level 7.9 Armour
 + Level 4.2 Dodging


You had 8 spell levels left.
You didn't know any spells.
Your spell library was empty.

Dungeon Overview and Level Annotations

Branches:
Dungeon (6/15)
 Temple: D:4-7

Altars:
Gozag
Okawaru

Annotations:
D:6 Bahuunn's ghost, novice FoFi


Innate Abilities, Weirdness & Mutations

You are immune to sickness and miasma.
Your stone body is resilient. (AC +6)
You are immune to poison.
You resist negative energy. (rN+)
You are resistant to electric shocks. (rElec)
You are resistant to unholy torment.
You are immune to petrification.


Message History

You sock the kobold brigand!
The kobold brigand is heavily wounded.
The kobold brigand hits you with a +0 short sword.
The grasping roots constrict you!
You completely miss the kobold brigand.
The kobold brigand is heavily wounded.
The kobold brigand hits you with a +0 short sword.
The grasping roots constrict you.
The grasping roots release their grip on you.
You thump the kobold brigand! You punch the kobold brigand.
The kobold brigand is almost dead.
The kobold brigand hits you with a +0 short sword.
You sock the kobold brigand!
You kill the kobold brigand!
Trog accepts your kill.
The kobold brigand zaps a wand.
The bolt of light hits you.
The kobold brigand throws a poisoned dart.
The poisoned dart barely misses you.
You hit the kobold brigand but do no damage.
The kobold brigand zaps a wand.
The bolt of light hits you!
* * * LOW HITPOINT WARNING * * *
You feel better.
The kobold brigand zaps a wand.
The bolt of light hits you.
You are confused.
* * * LOW HITPOINT WARNING * * *
You sock the kobold brigand!
The kobold brigand is heavily wounded.
The kobold brigand barely misses you.
You bump into the translucent stone wall.
The kobold brigand zaps a wand.
The bolt of light misses you.
The kobold brigand zaps a wand.
The roots erupt in riotous growth!
The kobold brigand is unaffected. x3
The grasping roots grab you! The grasping roots constrict you.
* * * LOW HITPOINT WARNING * * *
You escape the roots grasp.
You feel less confused.
The kobold brigand throws a curare-tipped dart.
The curare-tipped dart closely misses you.
The kobold brigand zaps a wand.
The bolt of light hits you!
You die...

#............#
#....#####...#
#...##.⌠.##..#
#####.#.#.#..#
/..#..'..#
[.....KKK#
$..#WKKK##
#.#.#K#K#
##.⌠.##@#
#####..# ####


You could see 8 kobold brigands and Bahuunn's ghost.

Vanquished Creatures
  Sigmund (D:3)
  A water moccasin (D:5)
  2 ice beasts (D:6)
  6 ogres
  A centaur (D:6)
  A phantom (D:5)
  4 kobold brigands (D:6)
  A bullfrog (D:6)
  Crazy Yiuf (D:3)
  A hound (D:6)
  3 orc priests
  A sleepcap (D:5)
  5 iguanas
  5 orc wizards (D:5)
  Natasha (thrice) (D:2)
  3 gnolls (D:4)
  7 adders
  A white imp (D:5)
  An ufetubus (D:4)
  A worm (D:2)
  4 dart slugs
  15 orcs
  8 ball pythons
  5 bats
  6 endoplasms
  2 giant cockroaches
  6 goblins
  3 hobgoblins
  6 jackals
  3 quokkas
  2 frilled lizards
  10 kobolds
  4 rats
123 creatures vanquished.

Notes
Turn   | Place    | Note
-------+----------+-------------------------------------------
     0 | D:1      | KittyFluff the Gargoyle Berserker began the quest for the
                  | Orb.
     0 | D:1      | Reached XP level 1. HP: 14/14 MP: 1/1
    90 | D:1      | Reached XP level 2. HP: 19/19 MP: 2/2
   921 | D:2      | Reached XP level 3. HP: 19/23 MP: 3/3
  1100 | D:2      | Reached ** piety under Trog
  1124 | D:2      | Found an opulent altar of Gozag.
  1187 | D:2      | Noticed Natasha
  1199 | D:2      | Killed Natasha
  1200 | D:2      | Reached XP level 4. HP: 7/29 MP: 4/4
  1363 | D:2      | Noticed Natasha
  1371 | D:2      | Killed Natasha
  1860 | D:2      | Noticed Natasha
  1871 | D:2      | Killed Natasha
  1872 | D:2      | Reached XP level 5. HP: 25/33 MP: 5/5
  2074 | D:3      | Found a runed translucent door.
  2075 | D:3      | Noticed Crazy Yiuf
  2083 | D:3      | Killed Crazy Yiuf
  2210 | D:3      | Found an iron altar of Okawaru.
  2339 | D:3      | Noticed Sigmund
  2356 | D:3      | Killed Sigmund
  2357 | D:3      | Reached XP level 6. HP: 18/39 MP: 6/6
  3246 | D:4      | Reached skill level 5 in Maces & Flails
  3255 | D:4      | Reached XP level 7. HP: 28/44 MP: 7/7
  3795 | D:5      | Entered Level 5 of the Dungeon
  3827 | D:5      | Identified the ring "Ylur" {Fly Dex+6}
  3858 | D:5      | Reached skill level 5 in Armour
  4008 | D:5      | Reached skill level 5 in Fighting
  4008 | D:5      | Reached XP level 8. HP: 19/49 MP: 8/8
  4373 | D:5      | Reached *** piety under Trog
  5400 | D:6      | Reached XP level 9. HP: 37/55 MP: 9/9
  5658 | D:6      | Found a runed translucent gate.
  5658 | D:6      | Found a runed translucent gate.
  5658 | D:6      | Found a runed translucent gate.
  5659 | D:6      | Noticed Bahuunn's ghost (novice FoFi)
  5709 | D:6      | Killed from afar by a kobold brigand

Illustrated notes

Levels and vault maps discovered:
D:1:      scummos_arrival_star, layout_basic, serial_glass, glass_columns_b,
          glass_columns_b, serial_park_tiny_pond
D:2:      layout_basic, basic_altar, serial_curves, eino_curves_04,
          eino_curves_03, hangedman_decor_opposing, uniq_natasha
D:3:      layout_loops_ring, mainiacjoe_overflow_concentric_impassable,
          chequers_serial_rivers_micro_b, uniq_crazy_yiuf_cottage, uniq_sigmund
D:4:      layout_loops_ring, minmay_crystal_room
D:5:      layout_cave_pools, grunt_decor_cap, chequers_serial_rivers_micro_a
D:6:      layout_rooms, mainiacjoe_overflow_24_doors, minmay_temple_entry_fiery,
          gammafunk_ghost_nasty_kobolds, lexackson_kobold_supper

Skill      XL: |  1  2  3  4  5  6  7  8  9 |
---------------+----------------------------+-----
Armour         | 3 4 5 7 |  7.9
Dodging        | 2 3 4 |  4.2
Maces & Flails | 4 5 7 |  7.6
Fighting       | 4 5 6 |  6.2

Action                     |  1- 3 |  4- 6 |  7- 9 || total
---------------------------+-------+-------+-------++-------
  Melee: Mace              |    88 |   117 |   317 ||   522
         Punch             |     1 |     1 |     5 ||     7
 Invoke: Berserk           |     1 |     5 |     5 ||    11
    Use: Scroll            |       |     3 |     3 ||     6
         Potion            |       |       |     1 ||     1
 Armour: Animal skin       |     8 |       |       ||     8
         Leather armour    |    39 |    41 |   127 ||   207
  Dodge: Dodged            |    62 |    55 |   208 ||   325
